Map: 2000 Atmospheres LE

Players

DPGRogue (Rogue) - Winner!

  • Race: Zerg Zerg

SpeCial

  • Race: Terran Terran
  • League: Master

Event: DreamHack SC2 Masters 2021 Summer

VOD

Have the link to the VOD?

Description

Time

  • Played on: July 2, 2021, 11:41 a.m.
  • Length: 9:56

All games in this series

Show
View Real Time Build Order
Export as new Build Order

DPGRogue Zerg - Winner!

Build Orders: Hatch First 

Get SALT Encoding   

  12  0:00  Drone  
  13  0:12  Overlord  
  13  0:16  Drone  
  14  0:30  Drone  
  14  0:31  Drone  
  16  0:47  Hatchery  
  15  0:50  Drone  
  15  0:53  Drone  
  17  0:57  Drone  
  18  1:08  Extractor  
  17  1:12  Spawning Pool  
  17  1:15  Drone  
  17  1:18  Drone  
  18  1:28  Drone  
  19  1:38  Drone  
  20  1:49  Drone  
  21  1:58  Queen  
  21  1:59  Queen  
  21  2:00  Zergling x4  
  27  2:10  Overlord  
  27  2:11  Drone  
  28  2:19  Hatchery  
  28  2:22  Drone  
  28  2:28  Drone  
  29  2:32  Spore Crawler  
  29  2:33  Drone  
  29  2:35  Drone  
  31  2:40  Queen  
  31  2:43  Metabolic Boost  
  33  2:48  Overlord  
  33  2:50  Drone  
  34  2:54  Drone  
  34  2:55  Drone  
  36  3:08  Drone x5  
  41  3:14  Overlord  
  41  3:17  Queen  
  43  3:20  Drone  
  44  3:31  Queen  
  44  3:32  Overlord  
  44  3:33  Drone  
  44  3:34  Drone  
  48  3:37  Queen  
  48  3:39  Drone x2  
  52  3:43  Drone x2  
  52  3:47  Drone x2  
  55  3:49  Drone x2  
  55  3:52  Drone x2  
  59  3:58  Overlord  
  59  4:00  Zergling x4  
  61  4:04  Zergling x4  
  61  4:07  Queen  
  61  4:09  Overlord  
  65  4:11  Drone  
  65  4:14  Extractor  
  65  4:16  Overlord  
  65  4:19  Drone x3  
  65  4:22  Drone  
  65  4:24  Overlord  
  69  4:27  Queen  
  69  4:30  Evolution Chamber  
  70  4:33  Drone  
  70  4:34  Drone  
  70  4:35  Drone x2, Evolution Chamber  
  70  4:38  Drone x3  
  76  4:40  Drone  
  76  4:42  Drone x2  
  79  4:46  Queen  
  79  4:49  Drone x2  
  79  4:52  Drone x2  
  84  4:56  Zergling x6  
  82  5:00  Drone x3  
  82  5:01  Drone  
  82  5:06  Drone  
  82  5:09  Drone  
  82  5:11  Drone  
  82  5:13  Zerg Ground Armor Level 1, Zerg Melee Weapons Level 1  
  77  5:18  Drone x2  
  77  5:19  Drone  
  77  5:21  Drone x2  
  77  5:26  Drone x2  
  78  5:34  Lair  
  78  5:36  Drone  
  78  5:41  Drone x3  
  81  5:47  Baneling Nest  
  81  5:48  Drone x2  
  81  5:49  Drone, Extractor  
  83  5:50  Extractor, Drone  
  83  5:54  Drone  
  83  5:55  Drone  
  82  5:59  Drone  
  82  6:00  Spore Crawler  
  82  6:02  Drone x3  
  85  6:05  Drone  
  85  6:10  Drone x2  
  85  6:11  Drone x2  
  89  6:12  Overlord x3  
  89  6:15  Overlord  
  87  6:19  Overlord  
  87  6:24  Hatchery  
  86  6:26  Zergling x6  
  86  6:30  Overlord  
  86  6:32  Centrifical Hooks  
  89  6:36  Zergling x2  
  89  6:38  Zergling x2  
  89  6:39  Zergling x4  
  90  6:41  Zergling x4  
  90  6:43  Burrow  
  90  6:45  Zergling x6  
  90  6:46  Zergling x2  
  96  6:55  Zergling x2  
  96  6:57  Zergling x6  
  96  6:58  Zergling x2  
  101  7:01  Hatchery  
  101  7:05  Zergling x10  
  105  7:11  Zergling x4  
  105  7:13  Zerg Ground Armor Level 2, Zerg Melee Weapons Level 2  
  105  7:20  Zergling x2  
  105  7:21  Zergling x8  
  107  7:30  Zergling x8  
  109  7:39  Zergling x8  
  109  7:43  Zergling x2  
  114  7:44  Hatchery  
  114  7:46  Zergling x2  
  114  7:47  Baneling x3  
  114  7:48  Baneling x5  
  114  7:49  Zergling x4  
  114  7:51  Zergling x2  
  117  7:53  Zergling x2  
  117  7:54  Zergling x2  
  117  7:56  Zergling x8  
  121  7:59  Drone  
  121  8:02  Drone  
  121  8:03  Drone  
  123  8:07  Drone  
  123  8:08  Drone x2  
  126  8:13  Zergling x6  
  126  8:14  Baneling x2  
  126  8:15  Zergling x6  
  126  8:19  Drone x4  
  133  8:27  Infestation Pit  
  133  8:28  Drone x4  
  133  8:29  Drone x3  
  133  8:30  Spine Crawler  
  133  8:31  Zergling x2  
  137  8:34  Zergling x2  
  137  8:41  Baneling x2  
  135  8:43  Baneling x9  
  135  8:46  Zergling x2  
  135  8:47  Zergling x16  
  135  8:48  Overlord  
  141  8:50  Overlord  
  141  8:53  Spine Crawler  
  140  8:56  Zergling x2  
  140  8:58  Overlord  
  140  9:02  Baneling x7  
  140  9:03  Baneling x7, Zergling x4  
  140  9:05  Zergling x6  
  143  9:10  Drone x6  
  143  9:13  Zergling x2  
  143  9:14  Zergling x4  
  150  9:20  Baneling x6  
  150  9:22  Zergling x12  
  156  9:25  Zergling x2  
  153  9:32  Baneling  
  153  9:33  Baneling x4  
  153  9:34  Baneling x3, Zergling x2  
  153  9:35  Zergling x10  
  153  9:36  Zergling x2  
  145  9:39  Zergling x2  
Show
View Real Time Build Order
Export as new Build Order

SpeCial Terran 

Build Orders: Hellion Opening, Reaper Expand 

Get SALT Encoding   

  12  0:03  SCV  
  13  0:15  SCV  
  13  0:19  Supply Depot  
  14  0:27  SCV  
  15  0:40  SCV  
  16  0:42  Barracks  
  16  0:45  Refinery  
  16  0:53  SCV  
  17  1:05  SCV  
  18  1:17  SCV  
  19  1:30  Reaper, Orbital Command  
  20  1:40  Command Center  
  20  1:48  Supply Depot  
  20  1:55  SCV  
  21  2:01  Marine  
  21  2:08  SCV  
  23  2:09  Factory  
  23  2:15  Refinery  
  23  2:20  SCV  
  24  2:23  Barracks Reactor  
  24  2:32  SCV  
  26  2:44  SCV  
  26  2:53  Starport  
  26  2:54  Orbital Command  
  26  2:56  SCV  
  27  3:03  Hellion  
  27  3:04  Hellion  
  31  3:09  Barracks Tech Lab  
  31  3:11  SCV  
  32  3:16  Supply Depot  
  32  3:20  SCV  
  32  3:23  SCV  
  32  3:25  Hellion x2  
  38  3:32  SCV  
  39  3:35  SCV, Raven  
  39  3:37  Marine  
  39  3:40  Supply Depot  
  43  3:44  SCV  
  43  3:47  SCV  
  45  3:49  Hellion x2  
  49  3:56  Barracks Tech Lab, SCV  
  49  3:59  SCV  
  51  4:11  SCV x2  
  51  4:13  Hellion x2  
  57  4:18  Raven  
  57  4:22  Command Center  
  57  4:24  SCV  
  60  4:25  SCV  
  60  4:29  Marine, Supply Depot  
  62  4:33  Stimpack  
  62  4:49  Barracks  
  62  4:50  SCV x2  
  62  4:51  Factory Reactor  
  62  4:52  Marine  
  65  4:56  Barracks  
  63  5:02  SCV x2  
  61  5:10  Marine  
  61  5:12  Starport Reactor  
  61  5:13  Engineering Bay x2  
  62  5:14  SCV x2  
  58  5:26  SCV x2  
  58  5:28  Marine  
  56  5:29  Refinery  
  56  5:30  Refinery  
  56  5:35  Orbital Command  
  56  5:38  SCV  
  56  5:39  SCV  
  58  5:44  Marine x2  
  58  5:46  Marine  
  58  5:48  Terran Infantry Armor Level 1, Terran Infantry Weapons Level 1  
  61  5:51  SCV  
  61  5:53  Marine x2  
  61  5:54  Medivac  
  61  5:55  SCV  
  67  6:02  Marine x2  
  67  6:03  SCV, Marine, Medivac  
  73  6:09  SCV, Barracks x2  
  73  6:11  Marine x2  
  76  6:14  Orbital Command  
  76  6:16  SCV  
  77  6:19  Marine  
  77  6:20  Marine  
  77  6:21  SCV  
  77  6:25  Siege Tank  
  83  6:26  Combat Shield  
  83  6:28  SCV, Supply Depot x2  
  84  6:33  SCV  
  85  6:43  Supply Depot  
  85  6:45  SCV x2, Marine x5  
  85  6:46  SCV  
  93  6:49  Medivac x2  
  97  6:54  Supply Depot  
  97  6:57  Barracks Reactor x2, SCV  
  97  6:59  Barracks x2  
  97  7:00  Barracks  
  98  7:03  Marine x5  
  98  7:06  SCV  
  104  7:08  SCV  
  104  7:09  SCV, Supply Depot  
  104  7:15  Siege Tank  
  107  7:19  SCV  
  107  7:20  Marine x5  
  113  7:25  Supply Depot  
  112  7:30  SCV x2  
  112  7:32  Medivac  
  112  7:33  Medivac  
  118  7:38  Marine x4  
  118  7:39  Bunker  
  118  7:42  Marine x4, Supply Depot  
  118  7:43  Marine  
  127  7:49  Barracks Reactor  
  127  7:50  Barracks Reactor  
  127  7:51  Marine  
  127  7:53  SCV x2  
  127  7:56  Marine x4  
  127  7:59  SCV  
  127  8:00  Marine  
  127  8:01  Bunker  
  127  8:04  Marine x2  
  127  8:05  SCV, Marine  
  133  8:11  SCV x2  
  134  8:15  Barracks Reactor, Marine  
  134  8:17  SCV, Marine x2  
  134  8:18  Siege Tank  
  141  8:23  Marine  
  141  8:24  Armory  
  141  8:25  Marine  
  141  8:26  Marine  
  144  8:30  Marine x3  
  147  8:38  Marine x2  
  147  8:40  Marine x2  
  147  8:41  Marine x2  
  146  8:42  Medivac  
  146  8:44  Marine  
  146  8:46  Marine x3  
  149  8:50  Siege Tank  
  149  8:55  Marine x2  
  154  8:56  Marine x2  
  154  8:57  Marine, Supply Depot  
  154  9:00  Supply Depot  
  154  9:02  Marine  
  151  9:10  Marine  
  151  9:12  Marine x5  
  157  9:18  Orbital Command  
  157  9:19  Marine x5  
  162  9:24  Marine x2  
  164  9:36  Marine x2  
  164  9:37  Marine x4  
Tags
 
Add a new tag
Caveats
  • Supply blocks, unpowered buildings, or Contaminate may cause inaccurate times.
  • Supply counts are checked every 10 seconds.